 Dungeon Crawl Stone Soup version 0.30.0-29-ga12c61a403 (webtiles) character file.

Game seed: 9922671910789080660

142 qw the Chopper (level 5, -1/32 HPs)
             Began as a Gargoyle Fighter on June 4, 2023.
             Slain by an orc
             ... wielding a +0 club
              (3 damage)
             ... on level 3 of the Dungeon.
             The game lasted 00:00:55 (1512 turns).

qw the Chopper (Gargoyle Fighter)                   Turns: 1512, Time: 00:00:55

Health: -1/32      AC: 17    Str: 21    XL:     5   Next: 25%
Magic:  5/5        EV:  5    Int:  9    God:
Gold:   124        SH:  4    Dex:  9    Spells: 4/4 levels left

rFire   . . .        Y - +0 war axe
rCold   + . .        c - +0 buckler
rNeg    + . .        m - +0 plate armour
rPois   inf          k - +0 helmet
rElec   +            (no cloak)
rCorr   .            (no gloves)
SInv    .            e - +0 pair of boots
Will    +....        (no amulet) Stlth
                     f - ring of protection from cold
HPRegen 0.25/turn    l - ring of willpower
MPRegen 0.09/turn

%: no passive effects
@: no status effects
A: sickness immunity, AC +4, negative energy resistance 1, electricity
resistance, torment resistance 1, petrification resistance
a: no special abilities


You were on level 3 of the Dungeon.
You visited 1 branch of the dungeon, and saw 3 of its levels.

You collected 124 gold pieces.


Innate Abilities, Weirdness & Mutations

You are immune to sickness and miasma.
Your stone body is resilient. (AC +4)
You are immune to poison.
You resist negative energy. (rN+)
You are resistant to electric shocks. (rElec)
You are resistant to unholy torment.
You are immune to petrification.


   Skills:
 - Level 3.2 Fighting
 + Level 4.8 Axes
 - Level 3.2 Armour
 - Level 3.2 Shields


You had 4 spell levels left.
You didn't know any spells.
Your spell library was empty.

Inventory:

Hand Weapons
 i - a +0 flail
 Y - a +0 war axe (weapon)
Armour
 c - a +0 buckler (worn)
 e - a +0 pair of boots (worn)
 k - a +0 helmet (worn)
 m - a +0 plate armour (worn)
Jewellery
 f - a ring of protection from cold (left hand)
 l - a ring of willpower (right hand)
Scrolls
 a - a scroll of identify
Potions
 d - a potion of might
 g - a potion of curing
 h - a potion of heal wounds {unknown}
 j - a potion of mutation {unknown}
 n - a potion of flight {unknown}

Dungeon Overview and Level Annotations

Branches:
Dungeon (3/15)

Altars:
Vehumet

Annotations:
D:3 3 runed translucent doors


Message History

An orc comes into view. It is wielding a +0 hand axe.
A kobold comes into view. It is carrying a wand of flame (19).
The kobold shouts!
The orc shouts!
The kobold zaps a wand.
The puff of flame hits you but does no damage.
An orc and an ogre come into view.
Found a radiant altar of Vehumet.
The orc shouts!
The ogre shouts!
The orc wizard hits you with a +0 dagger.
You hit the orc wizard.
The orc wizard is heavily wounded.
The orc wizard hits you but does no damage.
You slash the orc wizard!
You kill the orc wizard!
You closely miss the orc. The orc closely misses you.
The orc barely misses you.
You closely miss the orc. You barely miss the orc. The orc barely misses you.
The orc hits you but does no damage. The orc hits you with a +0 hand axe.
The orc hits you but does no damage. x2
You slash the ogre!
The ogre is moderately wounded.
You hit the orc. You hit the orc but do no damage.
The ogre hits you with a +0 giant club!
The orc hits you from afar with a +0 trident.
You block the orc's attack. x2; The orc hits you but does no damage.
You completely miss the ogre.
The ogre is moderately wounded.
You slash the orc!
You kill the orc!
You hit the orc. You slash the kobold!
You kill the kobold!
The orc hits you but does no damage. The orc closely misses you. x2
The ogre hits you but does no damage.
You barely miss the orc.
The orc is severely wounded.
You hit the ogre.
The orc hits you but does no damage. x2; You block the orc's attack.
The orc hits you but does no damage. The ogre hits you with a +0 giant club!
The orc hits you with a +0 club.
You die...

%<## .+..## ### .+...# #
+...# ...# #..#
##.######### ###
##..........##
..#########........<...#
............:...@Oo.....
###<.....%....[/)oo>....
########..............
#.............#
#..............
##..........#._
##............
#######.#...


You could see an ogre and 3 orcs.

Vanquished Creatures
  A howler monkey (D:2)
  An orc wizard (D:3)
  A gnoll (D:1)
  2 adders (D:2)
  2 worms (D:2)
  An orc (D:3)
  5 endoplasms
  A giant cockroach (D:3)
  3 goblins
  10 hobgoblins
  5 kobolds
  2 quokkas
  3 ball pythons
  2 bats (D:1)
  2 frilled lizards
  5 rats
46 creatures vanquished.

Notes
Turn   | Place    | Note
-------+----------+-------------------------------------------
     0 | D:1      | qw the Gargoyle Fighter began the quest for the Orb.
     0 | D:1      | Reached XP level 1. HP: 14/14 MP: 1/1
     0 | D:1      | 0 ||| qw: Version: 0.2-a-106-g05974ce
     0 | D:1      | 0 ||| qw: Game counter: 1147
     0 | D:1      | 0 ||| qw: Always use a shield: true
     0 | D:1      | 0 ||| qw: God list: Okawaru
     0 | D:1      | 0 ||| qw: Allow faded altars: false
     0 | D:1      | 0 ||| qw: Do Orc after D:15 true
     0 | D:1      | 0 ||| qw: Do second Lair branch before Depths: true
     0 | D:1      | 0 ||| qw: Lair rune preference: random
     0 | D:1      | 0 ||| qw: Plans: Normal, Zot:1-4, Slime:5, God:TSO, Crypt,
                  | Tomb, Abyss, Pan, Hells, Win
     0 | D:1      | 0 ||| PLANNING D:1-11
    38 | D:1      | 38 ||| Stepping ~*~*~tactically~*~*~ (stealth).
    47 | D:1      | Reached skill level 2 in Axes
    51 | D:1      | 51 ||| FLEEEEING.
    82 | D:1      | Reached XP level 2. HP: 19/19 MP: 2/2
   208 | D:1      | 208 ||| Stepping ~*~*~tactically~*~*~ (hiding).
   209 | D:1      | 209 ||| Stepping ~*~*~tactically~*~*~ (hiding).
   404 | D:1      | 404 ||| DROPPING +0 whip.
   626 | D:1      | Reached skill level 3 in Axes
   626 | D:1      | Reached XP level 3. HP: 21/23 MP: 3/3
   717 | D:1      | 717 ||| UPGRADING to +0 pair of boots.
   722 | D:1      | 722 ||| UPGRADING to +0 helmet.
   727 | D:1      | 727 ||| UPGRADING to ring of protection from cold.
   728 | D:1      | 728 ||| UPGRADING to ring of willpower.
   729 | D:1      | 729 ||| READING 2 scrolls labelled TOSCHU BUSUOHIN.
   730 | D:1      | 730 ||| READING scroll labelled ESSOUV DUPP.
   862 | D:2      | 862 ||| Stepping ~*~*~tactically~*~*~ (stealth).
   864 | D:2      | 864 ||| Stepping ~*~*~tactically~*~*~ (stealth).
   909 | D:2      | 909 ||| Stepping ~*~*~tactically~*~*~ (hiding).
   980 | D:2      | Reached skill level 4 in Axes
   980 | D:2      | Reached XP level 4. HP: 18/28 MP: 4/4
   993 | D:2      | 993 ||| FLEEEEING.
   994 | D:2      | 994 ||| FLEEEEING.
   995 | D:2      | 995 ||| FLEEEEING.
   996 | D:2      | 996 ||| FLEEEEING.
   997 | D:2      | 997 ||| FLEEEEING.
   998 | D:2      | 998 ||| FLEEEEING.
   999 | D:2      | 999 ||| FLEEEEING.
  1000 | D:2      | 1000 ||| FLEEEEING.
  1001 | D:2      | 1001 ||| FLEEEEING.
  1002 | D:2      | 1002 ||| FLEEEEING.
  1003 | D:2      | 1003 ||| FLEEEEING.
  1004 | D:2      | 1004 ||| FLEEEEING.
  1005 | D:2      | 1005 ||| FLEEEEING.
  1006 | D:2      | 1006 ||| FLEEEEING.
  1030 | D:2      | 1030 ||| FLEEEEING.
  1031 | D:2      | 1031 ||| FLEEEEING.
  1032 | D:2      | 1032 ||| FLEEEEING.
  1033 | D:2      | 1033 ||| STAIRDANCE
  1053 | D:1      | 1053 ||| READING scroll labelled OHOHAE NIEGGA.
  1054 | D:1      | 1054 ||| READING 2 scrolls of identify.
  1054 | D:1      | 1054 ||| IDENTIFYING metallic yellow potion
  1234 | D:2      | Found a faded altar of an unknown god.
  1341 | D:2      | 1341 ||| UPGRADING to +0 plate armour.
  1351 | D:2      | 1351 ||| DROPPING +0 scale mail.
  1502 | D:3      | Reached XP level 5. HP: 32/32 MP: 5/5
  1502 | D:3      | Found a runed translucent gate.
  1502 | D:3      | Found a runed translucent gate.
  1503 | D:3      | Found a runed translucent gate.
  1505 | D:3      | Found a radiant altar of Vehumet.
  1505 | D:3      | Noticed an ogre
  1512 | D:3      | HP: 2/32 [ogre/+0 giant club (15)]
  1512 | D:3      | Slain by an orc

Levels and vault maps discovered:
D:1:      minmay_arrival_plants_in_alcoves, layout_rooms
D:2:      layout_basic, dreamdust_ecumenical_altar_grove,
          chequers_decorated_corner
D:3:      layout_rooms, vehumet_altar_wand_db, gammafunk_ghost_necromancy

Skill      XL: |  1  2  3 |
---------------+----------+-----
Axes           | 2 3 4 |  4.8
Fighting       | |  3.2
Armour         | |  3.2
Shields        | |  3.2

Action                     |  1- 3 |  4- 6 || total
---------------------------+-------+-------++-------
  Melee: War axe           |    90 |    39 ||   129
    Use: Scroll            |     2 |     2 ||     4
 Armour: Scale mail        |    34 |     4 ||    38
         Plate armour      |       |    15 ||    15
  Dodge: Dodged            |    49 |    11 ||    60
  Block: Buckler           |    16 |    10 ||    26

Table legend:
 A = Non-vault XP
 B = Vault XP
 C = Vault XP percentage of total XP
 D = Non-vault monster count
 E = Vault monster count
 F = Vault count percentage of total count
                 A         B        C        D         E       F
            +---------+---------+-------+---------+---------+-------
      Total |     203 |       1 |   0.5 |      45 |       1 |   2.2
            +---------+---------+-------+---------+---------+-------
        D:1 |      46 |       0 |   0.0 |      20 |       0 |   0.0
        D:2 |     109 |       0 |   0.0 |      18 |       0 |   0.0
        D:3 |      48 |       1 |   2.0 |       7 |       1 |  12.5
            +---------+---------+-------+---------+---------+-------
